 Dungeon Crawl Stone Soup version 0.26.1-15-g04117e645d (webtiles) character file.

Game seed: 7403605705620566431

18644 tkbsonic5 the Fighter (level 12, -4/102 HPs)
             Began as a Barachi Fighter on Dec 2, 2022.
             Was a Believer of the Shining One.
             Slain by a seven-headed hydra (6 damage)
             ... on level 3 of the Lair of Beasts on Dec 3, 2022.
             The game lasted 00:53:47 (15750 turns).

tkbsonic5 the Fighter (Barachi Fighter)            Turns: 15750, Time: 00:53:48

Health: -4/102     AC: 22    Str: 27    XL:     12   Next: 60%
Magic:  13/15      EV:  8    Int: 18    God:    the Shining One [**....]
Gold:   732        SH:  8    Dex: 14    Spells: 11/11 levels left

rFire    . . .     SeeInvis .   f - +0 arbalest
rCold    . . .     Faith    .   (shield currently unavailable)
rNeg     + . .     Spirit   .   v - +0 plate armour
rPois    .         Reflect  .   d - +0 helmet
rElec    .         Harm     .   (no cloak)
rCorr    .         Rampage  .   (no gloves)
Will     .....                  q - +0 pair of boots
Stlth    ..........             e - amulet of the acrobat
HPRegen  0.27/turn              n - +4 ring of protection
MPRegen  0.14/turn              u - ring "Kasopyaze" {Str+6 Int+6}

@: mighty, divine shield, about to teleport, glowing, slow
A: +LOS, swims, thin skeletal structure 1, blurry vision 1, clever 1, slowness
1, strong legs 1
a: Hop, Renounce Religion, Divine Shield


You were on level 3 of the Lair of Beasts.
You worshipped the Shining One.
The Shining One was pleased with you.
You visited 2 branches of the dungeon, and saw 12 of its levels.

You collected 732 gold pieces.

Inventory:

Hand Weapons
 a - a +2 war axe
 f - a +0 arbalest (weapon)
 o - a +0 shortbow
 t - a +0 battleaxe
 H - a +0 battleaxe
Missiles
 m - 199 arrows
 B - 76 bolts (quivered ammo)
 E - 23 poisoned darts
Armour
 b - a +0 scale mail
 c - a +0 kite shield
 d - a +0 helmet (worn)
 q - a +0 pair of boots (worn)
 r - a +0 chain mail
 v - a +0 plate armour (worn)
Magical Staves
 g - an uncursed staff of fire
Jewellery
 e - an amulet of the acrobat (around neck)
 k - an uncursed ring of ice
 n - a +4 ring of protection (left hand)
 p - a +6 ring of dexterity
 u - the ring "Kasopyaze" (right hand) {Str+6 Int+6}
   (You acquired it on level 3 of the Lair of Beasts)

   [ring of strength]

   It affects your strength (+6).
   It affects your intelligence (+6).
 y - an uncursed ring of ice
 J - an uncursed ring of resist corrosion
Scrolls
 h - a scroll of magic mapping
 l - 3 scrolls of remove curse
 x - 2 scrolls of silence
 z - 3 scrolls of amnesia
Potions
 j - 2 potions of brilliance
 s - a potion of might
 I - a potion of cancellation


   Skills:
 * Level 12.2 Fighting
 * Level 10.7 Axes
 - Level 5.4 Throwing
 + Level 11.6 Armour
 + Level 8.6 Shields
 + Level 4.8 Invocations
 + Level 5.8 Evocations


You had 11 spell levels left.
You didn't know any spells.
Your spell library contained the following spells:

 Spells                   Type           Power        Failure   Level
 Animate Skeleton         Necr           0%           86%         1
 Apportation              Tloc           0%           86%         1
 Beastly Appendage        Tmut           0%           86%         1
 Corona                   Hex            0%           86%         1
 Freeze                   Ice            0%           86%         1
 Magic Dart               Conj           0%           86%         1
 Summon Small Mammal      Summ           0%           86%         1
 Blink                    Tloc           N/A          95%         2
 Call Imp                 Summ           0%           95%         2
 Ensorcelled Hibernation  Hex/Ice        0%           95%         2
 Slow                     Hex            0%           95%         2
 Wereblood                Tmut           0%           95%         2
 Confusing Touch          Hex            0%           99%         3
 Conjure Flame            Conj/Fire      0%           99%         3
 Dazzling Flash           Conj/Hex       0%           99%         3
 Frozen Ramparts          Ice            0%           99%         3
 Mephitic Cloud           Conj/Pois/Air  0%           99%         3
 Ozocubu's Armour         Ice            0%           99%         3
 Spider Form              Tmut/Pois      0%           99%         3
 Tukima's Dance           Hex            0%           99%         3
 Hailstorm                Conj/Ice       0%           100%        4
 Ice Form                 Ice/Tmut       0%           100%        4
 Summon Ice Beast         Ice/Summ       0%           100%        4
 Blade Hands              Tmut           0%           100%        5


Dungeon Overview and Level Annotations

Branches:
Dungeon (9/15)               Lair (3/6) D:9           Swamp (0/4) Lair:2
  Snake (0/4) Lair:2
 Temple: D:4-7          Orc: D:9-12

Altars:
Cheibriados
Dithmenos
Elyvilon
Gozag
Kikubaaqudgha
Makhleb
Nemelex Xobeh
Okawaru
Sif Muna
Trog
Vehumet
Xom
Yredelemnul
The Shining One
Beogh

Annotations:
D:4 3 runed translucent doors, CoveEight's ghost, amateur DEFE
Lair:2 exclusion: oklob plant


Innate Abilities, Weirdness & Mutations

You can be seen from farther away. (+LOS)
You can swim through water.
You cover ground slowly.
You can hop short distances.
You have a somewhat thin skeletal structure. (Dex +2, Stealth)
Scrolls take you a little longer to read.
Your mind is acute. (Int +2)


Message History

* * * LOW HITPOINT WARNING * * *
The seven-headed hydra barely misses you.
You block the seven-headed hydra's attack.
The seven-headed hydra bites you but does no damage.
The seven-headed hydra bites you.
* * * LOW HITPOINT WARNING * * *
You block the seven-headed hydra's attack.
The seven-headed hydra bites you.
* * * LOW HITPOINT WARNING * * *
As you read the scroll of teleportation, it crumbles to dust.
You feel strangely unstable.
Okay, then.
You feel very mighty all of a sudden. The seven-headed hydra bites you!
* * * LOW HITPOINT WARNING * * *
The seven-headed hydra bites you but does no damage. x2
The seven-headed hydra bites you!
* * * LOW HITPOINT WARNING * * *
The seven-headed hydra bites you.
You die...

##P#### ##.....### ### #....<...#
###.## ###.....## # ##.##.####
####.....# .# #....###.####
##.#......###.# #....#....#.#
#P...........#
...##.......#####......>....#
...#...........D@..#........####
............(.......#..........#
.....#.........................##
##...P..........................#
...#..............#.......#.....#
#....#...#........#.......#.....#
#.P####..#.........#......#..##.#
.####P##...........##.....#...###
###....##....###..((....#...#.#


You could see a seven-headed hydra.

Vanquished Creatures
  A two-headed ogre (D:7)
  The ghost of lake5 the Geomancer, a journeyman GrEE of Vehumet (Lair:1)
  A lindwurm (Lair:3)
  3 elephants (Lair:2)
  A black mamba (Lair:3)
  7 cane toads
  A rime drake (Lair:1)
  2 komodo dragons
  2 polar bears
  Prince Ribbit (Lair:3)
  A troll (D:8)
  7 blink frogs (Lair:3)
  A wyvern (Lair:2)
  A spriggan (Lair:1)
  A basilisk (Lair:2)
  11 yaks
  2 humans
  2 nagas (Lair:2)
  2 swamp worms (Lair:2)
  10 water moccasins
  3 ice beasts
  4 orc warriors
  2 sky beasts
  7 black bears
  A necrophage (D:8)
  2 phantoms (D:7)
  An ogre (D:6)
  14 wolves
  6 centaurs
  13 bullfrogs
  3 scorpions
  4 wights (D:8)
  2 electric eels (D:9)
  A howler monkey (D:9)
  A bullfrog zombie (D:7)
  5 hounds
  8 orc priests
  2 jellies
  15 orc wizards
  A gnoll shaman (D:7)
  6 iguanas
  A bullfrog skeleton (D:7)
  7 worker ants
  A killer bee zombie (D:8)
  A mummy (D:8)
  2 hound skeletons
  A howler monkey skeleton (D:4)
  13 adders
  5 gnolls (D:7)
  2 white imps (D:6)
  4 ufetubi
  An ooze (D:3)
  2 adder zombies
  2 worms (D:2)
  5 dart slugs
  A leopard gecko (D:5)
  30 orcs
  2 ball pythons
  5 bats
  6 giant cockroaches
  9 goblins
  8 hobgoblins
  4 jackals (D:5)
  A quokka (D:9)
  6 frilled lizards
  6 kobolds
  A leopard gecko skeleton (D:4)
  A quokka skeleton (D:5)
  A quokka zombie (D:5)
  6 rats
293 creatures vanquished.

Vanquished Creatures (collateral kills)
  A two-headed ogre (D:9)
  2 orc wizards (D:9)
  An orc priest (D:9)
  A hound zombie (D:9)
5 creatures vanquished.

Vanquished Creatures (others)
  An orc warrior (D:7)
  A jackal zombie (D:6)
  54 fungi
  69 plants
125 creatures vanquished.

Grand Total: 423 creatures vanquished

Notes
Turn   | Place    | Note
-------+----------+-------------------------------------------
     0 | D:1      | tkbsonic5 the Barachi Fighter began the quest for the Orb.
     0 | D:1      | Reached XP level 1. HP: 18/18 MP: 1/1
    90 | D:1      | Reached XP level 2. HP: 25/25 MP: 2/2
   208 | D:1      | Reached skill level 4 in Fighting
   401 | D:1      | Reached XP level 3. HP: 29/30 MP: 3/3
   920 | D:2      | You fall into a shaft and drop 2 floors!
  1153 | D:3      | Found a glowing drain.
  1261 | D:3      | Reached XP level 4. HP: 19/38 MP: 4/4
  1463 | D:3      | Reached XP level 5. HP: 30/43 MP: 5/5
  1611 | D:2      | Reached skill level 1 in Throwing
  1672 | D:2      | Found a white marble altar of Elyvilon.
  1845 | D:2      | Found a shimmering altar of Xom.
  2267 | D:3      | Found a sparkling altar of Nemelex Xobeh.
  2355 | D:3      | Found a white marble altar of Elyvilon.
  2487 | D:3      | Reached skill level 5 in Fighting
  2487 | D:3      | Reached skill level 5 in Armour
  2951 | D:4      | Gained mutation: Your mind is acute. (Int +2) [potion of
                  | mutation]
  2951 | D:4      | Gained mutation: Scrolls take you a little longer to read.
                  | [potion of mutation]
  2951 | D:4      | Gained mutation: You have a somewhat thin skeletal
                  | structure. (Dex +2, Stealth) [potion of mutation]
  2968 | D:4      | Reached XP level 6. HP: 19/51 MP: 6/6
  3614 | D:4      | Got an ichor-stained dagger
  3687 | D:4      | Reached XP level 7. HP: 57/57 MP: 7/7
  3718 | D:4      | Reached skill level 6 in Fighting
  4101 | D:4      | Found a runed translucent gate.
  4102 | D:4      | Found a runed translucent gate.
  4102 | D:4      | Noticed CoveEight's ghost (amateur DEFE)
  4103 | D:4      | Found a roughly hewn altar of Beogh.
  4103 | D:4      | Found a runed translucent gate.
  4163 | D:5      | Entered Level 5 of the Dungeon
  4560 | D:5      | Found a glowing golden altar of the Shining One.
  4626 | D:5      | Became a worshipper of the Shining One
  4721 | D:5      | Reached XP level 8. HP: 65/65 MP: 8/8
  4760 | D:5      | Reached skill level 5 in Shields
  5213 | D:5      | Identified the +8 dagger "Frog's Bane" {pain, Dex+5 Stlth+}
                  | (You found it on level 4 of the Dungeon)
  5243 | D:5      | Reached skill level 7 in Fighting
  5679 | D:6      | Found a shimmering blue altar of Sif Muna.
  5775 | D:6      | Found an ancient bone altar of Kikubaaqudgha.
  5780 | D:6      | Reached skill level 5 in Axes
  5796 | D:6      | Found a radiant altar of Vehumet.
  5983 | D:6      | Found a bloodstained altar of Trog.
  6290 | D:7      | Reached skill level 8 in Fighting
  6290 | D:7      | Reached XP level 9. HP: 72/74 MP: 9/9
  6796 | D:7      | Reached * piety under the Shining One
  7221 | D:8      | Found a snail-covered altar of Cheibriados.
  7392 | D:8      | Noticed a two-headed ogre
  7625 | D:7      | Killed a two-headed ogre
  7626 | D:7      | Reached skill level 9 in Fighting
  7626 | D:7      | Reached skill level 1 in Invocations
  7626 | D:7      | Reached skill level 1 in Evocations
  7626 | D:7      | Reached XP level 10. HP: 44/83 MP: 9/11
  8401 | D:8      | Found an opulent altar of Gozag.
  8670 | D:9      | Reached ** piety under the Shining One
  8693 | D:9      | Noticed a two-headed ogre
  8706 | D:9      | Killed a two-headed ogre
  8707 | D:9      | Reached skill level 5 in Throwing
  8707 | D:9      | Reached skill level 10 in Armour
  8707 | D:9      | Was placed under penance by the Shining One
  8739 | D:9      | Reached skill level 10 in Fighting
  8877 | D:9      | Found a staircase to the Lair.
  8915 | Lair:1   | Entered Level 1 of the Lair of Beasts
  9269 | D:9      | Reached XP level 11. HP: 91/91 MP: 12/12
  9275 | D:9      | Found a shadowy altar of Dithmenos.
  9404 | D:9      | Was forgiven by the Shining One
  9592 | D:9      | Found an iron altar of Okawaru.
  9906 | D:9      | Found a burning altar of Makhleb.
 10405 | D:9      | Found a basalt altar of Yredelemnul.
 10833 | Lair:1   | Noticed lake5's ghost (journeyman GrEE)
 10853 | Lair:1   | Found a runed translucent door.
 11335 | Lair:1   | Killed lake5's ghost
 12117 | Lair:2   | Reached skill level 11 in Fighting
 12262 | Lair:2   | Found a staircase to the Snake Pit.
 12625 | Lair:2   | Reached XP level 12. HP: 28/100 MP: 15/15
 13190 | Lair:2   | Reached skill level 10 in Axes
 13190 | Lair:2   | Reached skill level 5 in Evocations
 13667 | Lair:2   | Found a staircase to the Swamp.
 14177 | Lair:3   | Identified a scroll of acquirement
 14177 | Lair:3   | Acquired the ring "Kasopyaze" {Str+6 Int+6}
 14736 | Lair:3   | Noticed Prince Ribbit
 14743 | Lair:3   | Noticed a six-headed hydra
 14748 | Lair:3   | Reached skill level 12 in Fighting
 15627 | Lair:3   | Killed Prince Ribbit
 15750 | Lair:3   | HP: 2/102 [seven-headed hydra (7)]
 15750 | Lair:3   | Slain by a seven-headed hydra

Illustrated notes

Levels and vault maps discovered:
D:1:      dpeg_arrival_pits, layout_loops_ring, minmay_misc_feat_columns
D:2:      layout_rooms, xom_butterflies, elyvilon_altar_4
D:3:      layout_basic, lemuel_doored_altar, general_overflow_altar,
          gup_sewer_entry_glass, wad_floor_pattern_1, kennysheep_nondescript
D:4:      cheibrodos_greedy_goblins, layout_basic, biasface_ghost_orc_armoury
D:5:      layout_loops_ring, tso_metal_star,
          minmay_temple_entry_statues_pillars, uniq_crazy_yiuf_cottage
D:6:      layout_rooms, palyth_temple_overflow_mages, kennysheep_little_box,
          minmay_misc_feat_rugged, st_stairs_4
D:7:      layout_rooms
D:8:      layout_loops_ring, nicolae_overflow_hidden_temple, slow_altar_1
D:9:      layout_long_grid, kennysheep_mini_moat, okawaru_humans,
          lemuel_crystal_altar, due_lair_maze_entry_diamond, serial_bayou,
          serial_bayou_pond_d, serial_bayou_pond_e, serial_bayou_pond_b,
          serial_bayou_ford_a, makhleb_heckhound_becter
Lair:1:   layout_regular_city, hellmonk_ghost_happy_afterlife,
          chequers_serial_rivers_room_a, grunt_megastairs_2
Lair:2:   layout_small_grid, minmay_swamp_entry_worms,
          guppyfry_snake_entry_island, grunt_forest_stairs_clearing,
          infiniplex_staircase_pool_2, minmay_lair_oklob_chamber,
          serial_bayou_shore_b
Lair:3:   layout_cave_shapes, chequers_serial_rivers_micro_b,
          columned_hall_lemuel, eino_house_with_fridge, uniq_prince_ribbit2

Skill      XL: |  1  2  3  4  5  6  7  8  9 10 11 12 |
---------------+-------------------------------------+-----
Fighting       | 4 5 6 8 9 10 11 12 | 12.2
Armour         | 4 5 6 8 9 10 11 | 11.6
Throwing       | 1 2 3 4 5 |  5.4
Axes           | 3 4 5 7 8 9 10 | 10.7
Shields        | 4 5 6 7 8 |  8.6
Invocations    | 1 2 4 |  4.8
Evocations     | 1 3 4 5 |  5.8

Action                   |  1- 3 |  4- 6 |  7- 9 | 10-12 || total
-------------------------+-------+-------+-------+-------++-------
Melee: War axe           |    89 |   134 |   341 |   567 ||  1131
 Fire: Arbalest          |       |       |       |     3 ||     3
Throw: Javelin           |    17 |    23 |    51 |    23 ||   114
       Dart              |       |       |       |    99 ||    99
Invok: Divine Shield     |       |       |       |     8 ||     8
 Abil: Hop               |       |     1 |       |     3 ||     4
Evoke: Wand              |       |    14 |    16 |    30 ||    60
  Use: Scroll            |     6 |     5 |     9 |    13 ||    33
       Potion            |     1 |     4 |     3 |    14 ||    22
Armor: Scale mail        |    45 |    20 |       |       ||    65
       Chain mail        |       |    51 |   134 |       ||   185
       Plate armour      |       |       |   117 |   495 ||   612
       Skin              |       |       |       |    12 ||    12
Dodge: Dodged            |    33 |    44 |   119 |   172 ||   368
Block: Kite shield       |    48 |    62 |   218 |   523 ||   851
       Other             |       |       |       |     9 ||     9
